Map: Catalyst LE

Players

Ziomek

  • Race: Protoss Protoss
  • League: Master
  • Spawn Location: 11:00

birdy - Winner!

  • Race: Zerg Zerg
  • League: Master
  • Spawn Location: 5:00

VOD

https://www.youtube.com/watch?v=n71KChE-Ubw&feature=youtu.be

Description

Sc2 - Zerg vs Protoss GUIDE - ZvP - Roach Ravager Ling Allin - Starcraft 2. Probleme mit Protoss Lategame ? :D Mit diesem Build lässt du Protoss die Power of Zerg im early game spüren. RIP MSC

Time

  • Played on: Dec. 19, 2017, 5:18 a.m.
  • Length: 6:35
Show
View Real Time Build Order
Export as new Build Order

Ziomek Protoss 

Build Orders: 1 Gate Expand 

Get SALT Encoding   

  12  0:00  Probe  
  13  0:12  Probe  
  14  0:22  Pylon  
  14  0:25  Probe  
  16  0:43  Gateway  
  16  0:44  Probe (Chrono Boost)  
  17  0:50  Assimilator  
  17  0:51  Probe (Chrono Boost)  
  17  0:54  Probe  
  18  1:06  Probe  
  19  1:18  Probe  
  20  1:30  Nexus  
  20  1:39  Probe, Cybernetics Core  
  21  1:45  Assimilator  
  21  1:51  Probe  
  22  1:55  Pylon  
  22  2:03  Probe  
  23  2:15  Probe  
  23  2:18  Adept (Chrono Boost), Warp Gate  
  26  2:28  Probe  
  27  2:33  Adept  
  29  2:40  Probe  
  29  2:42  Twilight Council  
  30  2:44  Probe  
  31  2:52  Probe  
  31  2:56  Probe  
  33  3:05  Adept  
  35  3:08  Gateway, Probe (Chrono Boost)  
  35  3:12  Probe (Chrono Boost)  
  38  3:22  Probe x2 (Chrono Boost), Resonating Glaives (Chrono Boost)  
  38  3:23  Probe  
  38  3:26  Pylon  
  39  3:28  Probe  
  40  3:35  Probe  
  40  3:40  Probe  
  40  3:41  Adept (Chrono Boost)  
  44  3:47  Probe, Pylon  
  45  3:52  Probe  
  46  3:58  Adept (Chrono Boost)  
  46  3:59  Probe  
  49  4:04  Probe  
  50  4:11  Probe  
  50  4:15  Nexus  
  51  4:17  Pylon  
  51  4:20  Probe  
  51  4:23  Adept, Probe  
  51  4:24  Adept  
  55  4:32  Probe  
  55  4:35  Probe  
  54  4:44  Probe  
  42  4:47  Adept x2  
  45  4:54  Shield Battery  
  45  4:56  Shield Battery  
  41  5:08  Adept  
  25  5:31  Zealot  
  25  5:35  Gateway  
  26  5:37  Gateway  
  26  5:48  Cybernetics Core  
  25  5:51  Pylon  
  13  6:16  Zealot  
Show
View Real Time Build Order
Export as new Build Order

birdy Zerg - Winner!

Build Orders: Hatch First 

Get SALT Encoding   

  12  0:00  Drone  
  13  0:13  Overlord  
  13  0:19  Drone  
  14  0:32  Drone x2  
  16  0:50  Hatchery  
  16  0:53  Drone  
  16  0:55  Drone  
  17  0:59  Drone  
  18  1:09  Extractor  
  17  1:15  Spawning Pool  
  16  1:19  Drone  
  16  1:23  Drone  
  18  1:29  Drone  
  19  1:48  Hatchery  
  19  1:53  Drone  
  19  2:00  Overlord  
  19  2:05  Zergling x2  
  19  2:08  Zergling x2  
  21  2:18  Queen  
  23  2:27  Drone x2  
  25  2:31  Metabolic Boost  
  25  2:44  Roach Warren  
  25  2:45  Drone  
  25  2:48  Drone  
  25  3:09  Drone x2  
  25  3:10  Overlord  
  27  3:13  Zergling x4  
  27  3:14  Zergling x2  
  30  3:26  Roach  
  30  3:27  Roach x3  
  38  3:30  Roach  
  42  3:34  Roach  
  42  3:38  Roach  
  44  3:43  Overlord  
  44  3:45  Zergling x2  
  44  3:48  Zergling x2  
  46  3:54  Zergling x4  
  46  3:55  Zergling x2  
  49  4:05  Zergling x8  
  53  4:13  Overlord  
  53  4:21  Ravager  
  53  4:23  Zergling x8  
  58  4:30  Zergling x4  
  58  4:31  Zergling x2  
  56  4:38  Zergling x2  
  56  4:39  Zergling x4  
  56  4:43  Zergling x4  
  59  4:52  Ravager  
  59  4:53  Zergling x6  
  59  4:54  Zergling x2  
  59  4:59  Zergling x4  
  60  5:08  Zergling x6  
  60  5:12  Zergling x4  
  63  5:20  Zergling x4  
  60  5:27  Zergling x4  
  52  5:31  Queen  
  52  5:33  Roach  
  52  5:39  Drone x2  
  52  5:40  Drone  
  54  5:45  Roach  
  55  6:03  Zergling x14  
  53  6:14  Roach x3  
Tags
 
Add a new tag
Caveats
  • Supply blocks, unpowered buildings, or Contaminate may cause inaccurate times.
  • Supply counts are checked every 10 seconds.